 Dungeon Crawl Stone Soup version 0.29.1-12-g30fa7ad0bf (webtiles) character file.

Game seed: 10779919517522821677

947 LustLizard the Ruffian (level 7, -3/71 HPs)
             Began as a Troll Fighter on Dec 21, 2022.
             Was an Initiate of Wu Jian.
             Slain by a vampire (9 damage)
             ... on level 6 of the Dungeon.
             The game lasted 00:14:05 (4201 turns).

LustLizard the Ruffian (Troll Fighter)              Turns: 4201, Time: 00:14:05

Health: -3/71      AC:  4    Str: 21    XL:     7   Next: 89%
Magic:  6/6        EV:  9    Int: 10    God:    Wu Jian [......]
Gold:   168        SH:  9    Dex: 13    Spells: 6/6 levels left

rFire   + . .      SeeInvis +     - Unarmed
rCold   + . .      Faith    .   b - +0 kite shield
rNeg    . . .      Spirit   .   a - +0 robe
rPois   +          Reflect  .   (helmet restricted)
rElec   .          Harm     .   s - scarf {rC+ rF+}
rCorr   .          Rampage  .   (gloves unavailable)
Will    .....                   (boots unavailable)
Stlth   +.........              (no amulet)
HPRegen 1.01/turn               u - +4 ring of slaying
MPRegen 0.10/turn               o - ring "Jeafe" {rPois Str-4 Int+4 Dex+4 SInv}

@: no status effects
A: large, unfitting armour, claws 3, regeneration 1, shaggy fur 1, tough skin 1
a: Renounce Religion


You were on level 6 of the Dungeon.
You worshipped Wu Jian.
Wu Jian was noncommittal.
You visited 2 branches of the dungeon, and saw 7 of its levels.

You collected 264 gold pieces.
You spent 96 gold pieces at shops.

Inventory:

Hand Weapons
 x - the +9 falchion of Change {vorpal, rPois rF+}
   (You found it on level 4 of the Dungeon)

   It inflicts extra damage upon your enemies.
   rF:        It protects you from fire.
   rPois:     It protects you from poison.
Missiles
 e - 11 poisoned darts
 i - 5 boomerangs (quivered)
Armour
 a - a +0 robe (worn)
 b - a +0 kite shield (worn)
 h - a +0 cloak
 s - a scarf of resistance (worn)
Jewellery
 d - a ring of magical power
 o - the ring "Jeafe" (right claw) {rPois Str-4 Int+4 Dex+4 SInv}
   (You found it on level 2 of the Dungeon)

   [ring of see invisible]

   Str:       It affects your strength (-4).
   Int:       It affects your intelligence (+4).
   Dex:       It affects your dexterity (+4).
   rPois:     It protects you from poison.
   SInv:      It lets you see invisible.
 u - a +4 ring of slaying (left claw)
 C - a ring of wizardry
Scrolls
 g - 2 scrolls of teleportation {unknown}
 k - a scroll of noise {unknown}
 m - 2 scrolls of identify {unknown}
 q - 2 scrolls of immolation {unknown}
 r - a scroll of summoning {unknown}
 v - 2 scrolls of enchant armour {unknown}
 w - 2 scrolls of fog {unknown}
 y - a scroll of amnesia {unknown}
Potions
 c - a potion of might
 f - a potion of degeneration {unknown}
 j - a potion of mutation {unknown}
 l - 3 potions of brilliance {unknown}
 n - 5 potions of heal wounds
 p - a potion of attraction {unknown}
 t - 2 potions of magic {unknown}
 z - a potion of flight {unknown}
 A - 2 potions of lignification {unknown}
 B - 2 potions of curing


   Skills:
 + Level 4.4 Fighting
 - Level 2.4 Dodging
 + Level 4.9 Shields
 * Level 6.6 Unarmed Combat


You had 6 spell levels left.
You didn't know any spells.
Your spell library contained the following spells:

 Spells                   Type           Power      Damage    Failure   Level
 Freeze                   Ice            0%         1d3       63%         1
 Magic Dart               Conj           0%         1d3       63%         1
 Searing Ray              Conj           0%         2d4       77%         2
 Dazzling Flash           Conj/Hex       0%         N/A       94%         3
 Frozen Ramparts          Ice            0%         1d1       94%         3
 Fulminant Prism          Conj/Hex       0%         3d6       100%        4
 Hailstorm                Conj/Ice       0%         3d3       100%        4
 Iskenderun's Mystic Bla  Conj/Tloc      0%         2d3       100%        4
 Agony                    Necr           0%         N/A       100%        5
 Silence                  Hex/Air        0%         N/A       100%        5
 Starburst                Conj/Fire      0%         6d3       100%        6


Dungeon Overview and Level Annotations

Branches:
Dungeon (6/15)             Temple (1/1) D:6

Altars:
Ashenzari
Cheibriados
Dithmenos
Fedhas
Makhleb
Okawaru
Ru
Sif Muna
Trog
Uskayaw
Wu Jian
Xom
Yredelemnul
Zin

Shops:
D:1 !*===


Innate Abilities, Weirdness & Mutations

You are too large for most types of armour.
You have claws for hands.
Your natural rate of healing is unusually fast.
You are covered in fur. (AC +1)
You have tough skin. (AC +1)


Message History

You claw the vampire!
The vampire is moderately damaged.
You block the vampire's attack.
The vampire bites you but does no damage.
You closely miss the vampire.
The vampire is moderately damaged.
The vampire casts a spell at you. You resist with significant effort.
You closely miss the vampire.
The vampire is moderately damaged.
You block the vampire's attack. x2
You claw the vampire!
The vampire is heavily damaged.
The vampire hits you! You block the vampire's attack.
You claw the vampire!
The vampire is severely damaged.
You block the vampire's attack. The vampire bites you!
The vampire draws strength from your injuries!
You barely miss the vampire.
The vampire is heavily damaged.
You block the vampire's attack. The vampire bites you.
The vampire draws strength from your injuries!
You claw the vampire!
The vampire is severely damaged.
You block the vampire's attack. The vampire barely misses you.
You claw the vampire!
The vampire is almost destroyed.
The vampire hits you! The vampire bites you!
The vampire draws strength from your injuries!
You scratch the vampire.
The vampire is almost destroyed.
The vampire hits you.
* * * LOW HITPOINT WARNING * * *
The vampire bites you!
* * * LOW HITPOINT WARNING * * *
The vampire draws strength from your injuries!
You completely miss the vampire.
The vampire is severely damaged.
The vampire hits you!
You die...

### #<# ###
#.######.# ###
#..[.....# ...
########.# ...
####.#.#########...
##..................
#..@V......>.......#
#..#....###........#
#.........#.....gg..
##.#........#.......
#.#.).#....#.......
#.#...#....#.......
......#....#.#.####
.............<#'###.
........V....)......


You could see a vampire (invisible).

Vanquished Creatures
  A water moccasin (D:5)
  Duvessa (D:4)
  4 wights
  2 scorpions
  Dowan (D:4)
  3 hounds
  2 iguanas
  4 gnolls (D:6)
  10 adders
  An ufetubus (D:5)
  2 dart slugs
  5 orcs
  4 endoplasms
  2 giant cockroaches
  7 goblins
  10 hobgoblins
  4 jackals (D:1)
  8 kobolds
  7 quokkas
  9 ball pythons
  6 bats
  3 frilled lizards
  3 rats
99 creatures vanquished.

Notes
Turn   | Place    | Note
-------+----------+-------------------------------------------
     0 | D:1      | LustLizard the Troll Fighter began the quest for the Orb.
     0 | D:1      | Reached XP level 1. HP: 22/22 MP: 0/0
   177 | D:1      | Reached XP level 2. HP: 29/29 MP: 1/1
   201 | D:1      | Found Mept's Jewellery Boutique.
   213 | D:1      | Found Amin's General Store.
   226 | D:1      | Found Namuevol's Distillery.
   257 | D:1      | Found Keut's Jewellery Emporium.
   421 | D:1      | Found Wunafeh's Jewellery Shop.
   541 | D:2      | Reached XP level 3. HP: 36/36 MP: 2/2
   581 | D:2      | Reached skill level 3 in Unarmed Combat
   681 | D:2      | Identified the ring "Jeafe" {rPois Str-4 Int+4 Dex+4 SInv}
   819 | D:2      | Identified the +4 ring mail "Xuaphi" {-Tele Rampage rN+++
                  | Dex-4}
  1137 | D:3      | Reached XP level 4. HP: 43/44 MP: 3/3
  1191 | D:3      | You fall into a shaft and drop 3 floors!
  1197 | D:6      | Noticed a vampire
  1208 | D:5      | Entered Level 5 of the Dungeon
  1515 | D:3      | Reached XP level 5. HP: 53/53 MP: 4/4
  1522 | D:3      | Found a hide-covered altar of Uskayaw.
  1691 | D:3      | Reached skill level 4 in Unarmed Combat
  1791 | D:3      | Found a faded altar of an unknown god.
  2068 | D:4      | Found a sacrificial altar of Ru.
  2073 | D:4      | Noticed Duvessa
  2073 | D:4      | Noticed Dowan
  2169 | D:4      | Identified the +9 falchion of Change {vorpal, rPois rF+}
  2332 | D:4      | Killed Duvessa
  2333 | D:4      | Reached XP level 6. HP: 29/61 MP: 5/5
  2358 | D:4      | Killed Dowan
  2359 | D:4      | Reached skill level 5 in Unarmed Combat
  2718 | D:5      | Noticed a water moccasin
  2733 | D:5      | Killed a water moccasin
  2734 | D:5      | Reached XP level 7. HP: 58/70 MP: 6/6
  3339 | D:1      | Bought a potion of heal wounds for 60 gold pieces
  3339 | D:1      | Bought a potion of curing for 36 gold pieces
  3439 | D:5      | Reached skill level 6 in Unarmed Combat
  3674 | D:6      | Found a staircase to the Ecumenical Temple.
  3727 | Temple   | Entered the Ecumenical Temple
  3736 | Temple   | Became a worshipper of the Wu Jian Council
  3917 | D:6      | Found a broken altar of Ashenzari.
  3978 | D:6      | Found a shimmering altar of Xom.
  4093 | D:6      | Found a glowing silver altar of Zin.
  4201 | D:6      | Slain by a vampire

Illustrated notes

Levels and vault maps discovered:
D:1:      dreamdust_arrival_sigmund_warning, layout_rooms, serial_shops,
          nicolae_diamond_shop, nicolae_shop_statue_plus,
          nicolae_shop_hallway_stairs, nicolae_shop_advertising_works
          [nicolae_subvault_shop_adworks], shop
D:2:      layout_loops_ring
D:3:      layout_basic, mainiacjoe_overflow_alcove_4,
          hellmonk_ecumenical_altar_crossroads, minivault_14
D:4:      layout_rooms, mainiacjoe_overflow_catwalk, chequers_jeans,
          uniq_duvessa
D:5:      layout_basic
D:6:      hellmonk_destroyed_diamonds, layout_basic,
          mainiacjoe_overflow_alcove_2, mainiacjoe_overflow_small_starburst,
          lemuel_doored_altar, minmay_temple_entry_purple_smoke,
          lemuel_flamethrower_1
Temple:   nicolae_temple_ecumenical_triangle

Skill      XL: |  1  2  3  4  5  6  7 |
---------------+----------------------+-----
Shields        | 3 4 |  4.9
Unarmed Combat | 3 4 5 6 |  6.6
Fighting       | 3 4 |  4.4
Dodging        | |  2.4

Action                   |  1- 3 |  4- 6 |  7- 9 || total
-------------------------+-------+-------+-------++-------
Melee: Unarmed           |   127 |   123 |    49 ||   299
Throw: Dart              |       |     2 |       ||     2
       Boomerang         |       |       |     7 ||     7
Invok: Lunge             |       |       |     2 ||     2
 Stab: Sleeping          |       |     2 |       ||     2
Armor: Robe              |    41 |    30 |     5 ||    76
Dodge: Dodged            |    47 |    46 |     7 ||   100
Block: Kite shield       |    53 |    41 |    20 ||   114
